 Dungeon Crawl Stone Soup version 0.22-a0-596-gfbd32a6 (webtiles) character file.

65 Lianjan the Magician (level 3, -2/19 HPs)
             Began as a Deep Elf Fire Elementalist on July 6, 2018.
             Slain by an orc wizard
             ... wielding a +0 dagger
              (3 damage)
             ... on level 2 of the Dungeon.
             The game lasted 00:02:48 (1518 turns).

Lianjan the Magician (Deep Elf Fire Elementalist)   Turns: 1518, Time: 00:02:49

Health: -2/19      AC:  2    Str:  6    XL:     3   Next: 94%
Magic:  3/10       EV: 13    Int: 19    God:
Gold:   25         SH:  0    Dex: 15    Spells: 3/10 levels left

rFire    . . .     SeeInvis .   d - +0 club
rCold    . . .     Gourm    .   (no shield)
rNeg     . . .     Faith    .   a - +0 robe
rPois    .         Spirit   .   (no helmet)
rElec    .         Reflect  .   (no cloak)
rCorr    .         Harm     .   (no gloves)
MR       .....                  (no boots)
Stlth    ++........             (no amulet)
HPRegen  0.06/turn              (no ring)
MPRegen  0.12/turn              (no ring)

@: no status effects
A: no striking features
a: no special abilities


You were on level 2 of the Dungeon.
You were hungry.

You visited 1 branch of the dungeon, and saw 2 of its levels.

You collected 25 gold pieces.

Inventory:

Hand Weapons
 d - a +0 club (weapon)
 m - a cursed -2 dagger
Missiles
 f - 34 sling bullets
 g - 17 stones (quivered)
Armour
 a - a +0 robe (worn)
Scrolls
 h - a scroll of immolation {unknown}
 i - 2 scrolls of identify {unknown}
 l - a scroll of enchant armour {unknown}
Potions
 e - 3 potions of curing {unknown}
 j - a potion of haste {unknown}
 k - a potion of berserk rage {unknown}
 n - a potion of flight {unknown}
Comestibles
 b - 4 chunks of flesh
 c - 4 rations


   Skills:
 - Level 2.4 Dodging
 - Level 2.4 Stealth
 + Level 4.1 Spellcasting
 * Level 3.5 Conjurations
 - Level 3.2 Fire Magic


You had 3 spell levels left.
You knew the following spells:

 Your Spells              Type           Power        Failure   Level  Hunger
a - Flame Tongue          Conj/Fire      ###..        3%          1    None
b - Conjure Flame         Conj/Fire      ###.....     10%         3    ###....
c - Inner Flame           Hex/Fire       ##......     21%         3    ###....

Your spell library contained the following spells:

 Spells                   Type           Power        Failure   Level  Hunger
 Fireball                 Conj/Fire      ###.......   67%         5    ######.
 Throw Flame              Conj/Fire      ###...       4%          2    ##.....
 Sticky Flame             Conj/Fire      ###.....     32%         4    ####...


Dungeon Overview and Level Annotations

Branches:
Dungeon (2/15)

Altars:

Annotations:
D:2 Sigmund


Message History

You hit the orc.
You kill the orc!
Casting: Conjure Flame (safe; 10% risk of failure)
Confirm with . or Enter, or press ? or * to list all spells.
Aiming: Inner Flame (safe; 21% risk of failure)
Press: ? - help, Shift-Dir - straight line, f - Sigmund
Aim: Sigmund, wielding a scythe of venom and wearing a robe (chance to defeat MR: 67%) Nothing appears to happen.
A puff of frost appears from out of thin air!
You hear a sizzling sound!
Casting: Inner Flame (safe; 21% risk of failure)
Confirm with . or Enter, or press ? or * to list all spells.
Okay, then.
A magic dart appears from out of thin air!
The magic dart hits you!
Ouch! That really hurt!
* * * LOW HITPOINT WARNING * * *
You see here a club.
Something hits you.
You die...

#.......#รท.# #..........#
#######.#..#
........#..###### #....
....##..#...@....
##...#######.##..#.#...o..
#.......#<.#.##..#@#......
#.......#..#.....#.#......
#.......#@##).#..#.#.?....
#.......#.....#.##)#......
#.......#####.#....###+###
####.).....#####'########.#
#........#.......(........##
#........######............#
#........# #..........#.#
#........# #..........#.##
#........######..........#..#


There were no monsters in sight!

Vanquished Creatures
  2 adders (D:2)
  3 worms (D:2)
  A dart slug (D:1)
  3 leopard geckos
  An orc (D:2)
  A giant cockroach (D:1)
  4 goblins
  6 hobgoblins
  3 jackals (D:1)
  2 kobolds
  3 bats
  2 frilled lizards
  A rat (D:1)
32 creatures vanquished.

Notes
Turn   | Place    | Note
-------+----------+-------------------------------------------
     0 | D:1      | Lianjan the Deep Elf Fire Elementalist began the quest for the Orb.
     0 | D:1      | Reached XP level 1. HP: 10/10 MP: 6/6
   165 | D:1      | Reached XP level 2. HP: 14/15 MP: 6/8
   665 | D:2      | Reached XP level 3. HP: 19/19 MP: 3/10
   670 | D:2      | Learned a level 3 spell: Conjure Flame
   674 | D:2      | Learned a level 3 spell: Inner Flame
  1070 | D:2      | Reached skill level 4 in Spellcasting
  1473 | D:2      | Noticed an orc warrior
  1486 | D:2      | Noticed Sigmund
  1518 | D:2      | Slain by an orc wizard

Vault maps used:
D:1:      roderic_dead_forest, minivault_23
D:2:      cheibrodos_pilgrimage, amethyst_overflow_temple_binary,
          minmay_goblin_kobold_house, uniq_sigmund

Skill      XL: |  1  2  3 |
---------------+----------+-----
Conjurations   | 2 3 |  3.5
Spellcasting   | 4 |  4.1
Dodging        | |  2.4
Stealth        | |  2.4
Fire Magic     | |  3.2

Action                   || total
-------------------------++-------
Melee: Club              ||    12
 Cast: Flame Tongue      ||    61
       Conjure Flame     ||     2
       Inner Flame       ||     1
  Eat: Chunk             ||     1
Armor: Robe              ||     5
Dodge: Dodged            ||    20

Table legend:
 A = Spawn XP
 B = Non-spawn XP
 C = Spawn XP percentage of total XP
 D = Spawn monster count
 E = Non-spawn monster count
 F = Spawn count percentage of total count
 G = Total turns spent on level
                    A         B        C        D         E        F      G
               +---------+---------+-------+---------+---------+-------+---------
         Total |       0 |      94 |   0.0 |       0 |      32 |   0.0 |  1518
               +---------+---------+-------+---------+---------+-------+---------
           D:1 |       0 |      38 |   0.0 |       0 |      19 |   0.0 |   950
           D:2 |       0 |      56 |   0.0 |       0 |      13 |   0.0 |   568
               +---------+---------+-------+---------+---------+-------+---------
